 Dungeon Crawl Stone Soup version 0.25.1-8-g42b30a86e7 (webtiles) character file.

Game seed: 12507594778452893845

11331 Eitelfritz the Carver (level 11, -6/97 HPs)
             Began as a Minotaur Gladiator on Dec 23, 2020.
             Was a High Priest of Dithmenos.
             Mangled by a tentacled monstrosity (13 damage)
             ... on level 2 of the Abyss.
             The game lasted 00:41:30 (12408 turns).

Eitelfritz the Carver (Minotaur Gladiator)         Turns: 12408, Time: 00:41:30

Health: -6/97      AC: 24    Str: 19    XL:     11   Next: 47%
Magic:  14/14      EV:  8    Int:  8    God:    Dithmenos [*****.]
Gold:   71         SH:  4    Dex: 12    Spells: 10/10 levels left

rFire    + . .     SeeInvis .   a - +4 double sword (holy)
rCold    + . .     Gourm    .   t - +0 buckler
rNeg     . . .     Faith    +   Q - +3 chain mail {MR+}
rPois    +         Spirit   .   H - +2 hat
rElec    .         Reflect  .   r - +2 cloak {rPois}
rCorr    +         Harm     .   E - +2 pair of gloves
MR       +....                  x - +0 pair of boots
Stlth    ..........             G - amulet "Yfol" {Faith rF+ rC+}
HPRegen  0.26/turn              J - ring of resist corrosion
MPRegen  0.14/turn              (no ring)

@: wreathed by umbra, constricted, lightly drained
A: retaliatory headbutt, horns 2
a: Shadow Step, Shadow Form, Renounce Religion


You were on level 2 of the Abyss.
You worshipped Dithmenos.
Dithmenos was extremely pleased with you.
You were not hungry.

You visited 2 branches of the dungeon, and saw 12 of its levels.
You visited the Abyss 1 time.
You also visited: Sewer.

You collected 611 gold pieces.
You spent 540 gold pieces at shops.

Inventory:

Hand Weapons
 a - a +4 double sword of holy wrath (weapon)
 b - a +0 longbow
 N - a +2 morningstar
 P - a +1 scimitar
Missiles
 d - 7 throwing nets
 g - 15 boomerangs (quivered)
 n - 220 arrows
Armour
 r - a +2 cloak of poison resistance (worn)
 t - a +0 buckler (worn)
 x - a +0 pair of boots (worn)
 y - a +1 scale mail of cold resistance
 E - a +2 pair of gloves (worn)
 H - a +2 hat (worn)
 Q - a +3 chain mail of magic resistance (worn)
Jewellery
 G - the amulet "Yfol" (around neck) {Faith rF+ rC+}
   (You acquired it on level 9 of the Dungeon)

   [amulet of faith]

   It allows you to gain divine favour quickly.
   It protects you from fire.
   It protects you from cold.
 J - a ring of resist corrosion (left hand)
 M - an uncursed ring of poison resistance {unknown}
Wands
 h - a wand of iceblast (9)
 p - a wand of enslavement (4)
 q - a wand of acid (14)
 s - a wand of clouds (6)
 z - a wand of polymorph (3)
 K - a wand of flame (23)
Scrolls
 c - a scroll of magic mapping
 e - 3 scrolls of amnesia
 i - 10 scrolls of remove curse
 j - a scroll of blinking
 l - 7 scrolls of teleportation
 m - 4 scrolls of fear
 w - 2 scrolls of identify
 A - 3 scrolls of enchant armour
 F - a scroll of vulnerability {unknown}
 I - a scroll of summoning {unknown}
 L - 2 scrolls of random uselessness {unknown}
 O - a scroll of fog {unknown}
 R - a scroll of silence {unknown}
Potions
 k - 2 potions of curing
 u - 2 potions of brilliance
 v - 2 potions of might
 B - 3 potions of stabbing {unknown}
 C - a potion of berserk rage
 D - 3 potions of flight
Miscellaneous
 o - a phantom mirror
Comestibles
 f - 11 rations


   Skills:
 + Level 9.0 Fighting
 + Level 13.2(13.1) Long Blades
 + Level 2.8 Throwing
 + Level 9.2 Armour
 + Level 7.7 Dodging
 + Level 1.1(1.0) Stealth
 + Level 3.4 Shields
 + Level 1.6 Unarmed Combat
 - Level 6.0(5.9) Invocations
 + Level 1.7 Evocations


You had 10 spell levels left.
You didn't know any spells.
Your spell library contained the following spells:

 Spells                   Type           Power        Failure   Level  Hunger
 Corona                   Hex            #......      98%         1    ##.....
 Ensorcelled Hibernation  Hex/Ice        #.....       99%         2    ###....
 Confusing Touch          Hex            #.......     100%        3    ####...
 Dazzling Flash           Conj/Hex       #.....       100%        3    ####...
 Tukima's Dance           Hex            #.......     100%        3    ####...


Dungeon Overview and Level Annotations

Branches:
Dungeon (11/15)            Temple (1/1) D:5            Lair (0/6) D:8
    Orc (0/2) D:10          Sewer (visited)

Altars:
Ashenzari
Cheibriados
Dithmenos
Elyvilon
Fedhas
Gozag
Hepliaklqana
Kikubaaqudgha
Makhleb
Nemelex Xobeh
Okawaru
Qazlal
Ru
Sif Muna
Trog
Uskayaw
Vehumet
Wu Jian
Xom
Yredelemnul
Zin
The Shining One

Shops:
D:5 =(%[%   D:6 [(:[   D:9 %   D:10 !

Annotations:
D:8 1 runed translucent door, lasso's ghost, novice MiFi
D:11 Sonja


Innate Abilities, Weirdness & Mutations

You reflexively headbutt those who attack you in melee.
You have a pair of horns on your head.


Message History

The tentacled monstrosity tentacle-slaps you but does no damage.
The tentacled monstrosity tentacle-slaps you.
* * * LOW HITPOINT WARNING * * *
x2 The tentacled monstrosity constricts you.
You slice the tentacled monstrosity!!
The tentacled monstrosity convulses!
The tentacled monstrosity is heavily wounded.
You hit the tentacled monstrosity.
The tentacled monstrosity convulses.
Your headbutt misses the tentacled monstrosity.
The tentacled monstrosity is heavily wounded.
The tentacled monstrosity barely misses you. x2
The tentacled monstrosity tentacle-slaps you.
* * * LOW HITPOINT WARNING * * *
The tentacled monstrosity constricts you.
Okay, then.
Unknown command.
Unknown command.
You slash the tentacled monstrosity!
The tentacled monstrosity convulses!
The tentacled monstrosity is severely wounded.
The tentacled monstrosity tentacle-slaps you!
You die...

#...#..##... #
#....#...#.##
####.....##.#
#G#...... #
#.#.#...#.#
#.#...#.##.#
##.....>..#.
##.....##....#
#..@X)..#. ..#
#....##..## ..
...#.### .#..
# ..#....
####. #####


You could see a tentacled monstrosity and a shining eye.

Vanquished Creatures
  3 two-headed ogres
  An unseen horror (D:10)
  Pikel (D:4)
  Joseph (D:8)
  A gargoyle (D:7)
  A centaur skeleton (D:10)
  Prince Ribbit (D:6)
  2 trolls (D:10)
  A hornet (D:7)
  5 hippogriffs
  Eustachio (D:4)
  2 wyverns
  2 ice beasts
  2 black bears
  A hornet zombie (D:7)
  7 orc warriors
  2 sky beasts
  A phantom (D:10)
  4 ogres
  9 centaurs
  A big kobold (D:8)
  A gnoll sergeant (D:9)
  8 bullfrogs
  2 scorpions
  6 wights
  6 killer bees (D:9)
  A howler monkey (D:8)
  A bullfrog zombie (D:9)
  4 crimson imps
  9 hounds
  6 orc priests
  Crazy Yiuf (D:2)
  2 jellies
  6 bullfrog skeletons
  A gnoll shaman (D:10)
  3 iguanas
  10 orc wizards
  5 worker ants
  A mummy (D:7)
  9 gnolls
  A howler monkey skeleton (D:10)
  13 adders
  4 shadow imps
  An ooze (D:2)
  3 adder zombies
  An adder skeleton (D:8)
  2 worms (D:2)
  6 leopard geckos
  50 orcs
  5 ball pythons
  3 bats
  3 giant cockroaches
  5 goblins
  3 hobgoblins
  5 jackals (Sewer)
  16 kobolds
  6 quokkas
  9 frilled lizards
  2 rats
  4 plants (Sewer)
273 creatures vanquished.

Notes
Turn   | Place    | Note
-------+----------+-------------------------------------------
     0 | D:1      | Eitelfritz the Minotaur Gladiator began the quest for the
                  | Orb.
     0 | D:1      | Reached XP level 1. HP: 18/18 MP: 0/0
   594 | D:1      | Reached XP level 2. HP: 21/25 MP: 1/1
   659 | D:1      | You fall into a shaft and drop 1 floor!
   909 | D:2      | Found a runed translucent door.
   910 | D:2      | Noticed Crazy Yiuf
   981 | D:2      | Reached skill level 4 in Long Blades
   985 | D:2      | Found a shadowy altar of Dithmenos.
  1015 | D:2      | Became a worshipper of Dithmenos the Shadowed
  1128 | D:2      | Found a shimmering blue altar of Sif Muna.
  1366 | D:2      | Reached XP level 3. HP: 23/31 MP: 2/2
  1498 | D:2      | Reached skill level 1 in Armour
  1825 | D:2      | Found an ornate altar of the Wu Jian Council.
  2220 | D:2      | Killed Crazy Yiuf
  2220 | D:2      | Reached XP level 4. HP: 36/38 MP: 3/3
  2292 | D:3      | Found a glowing drain.
  2301 | Sewer    | Entered a sewer
  2565 | Sewer    | Reached * piety under Dithmenos
  3123 | D:3      | Reached XP level 5. HP: 45/45 MP: 4/4
  3717 | D:4      | Reached skill level 5 in Long Blades
  4026 | D:4      | Reached XP level 6. HP: 51/52 MP: 5/5
  4030 | D:4      | Reached ** piety under Dithmenos
  4101 | D:4      | Reached skill level 6 in Long Blades
  4182 | D:4      | Noticed a slave
  4182 | D:4      | Noticed a slave
  4183 | D:4      | Noticed a slave
  4183 | D:4      | Noticed a slave
  4183 | D:4      | Noticed Pikel
  4256 | D:4      | Killed Pikel
  4256 | D:4      | Reached skill level 7 in Long Blades
  4256 | D:4      | Reached skill level 5 in Dodging
  4256 | D:4      | Reached skill level 1 in Unarmed Combat
  4256 | D:4      | Reached XP level 7. HP: 58/60 MP: 6/6
  4351 | D:4      | Noticed Eustachio
  4378 | D:4      | Killed Eustachio
  4378 | D:4      | Reached skill level 8 in Long Blades
  4378 | D:4      | Reached XP level 8. HP: 42/67 MP: 7/7
  4568 | D:5      | Entered Level 5 of the Dungeon
  4663 | D:5      | Found Ocufoont's Food Shoppe.
  4713 | D:5      | Found Xavefif's Antique Armour Shop.
  4735 | D:5      | Found a staircase to the Ecumenical Temple.
  4792 | D:5      | Found Tuasaz's Jewellery Boutique.
  4792 | D:5      | Found Pyheikomm's Weapon Shop.
  4802 | D:5      | Reached skill level 1 in Invocations
  5046 | D:5      | Bought a cursed -4 ring of protection for 24 gold pieces
  5046 | D:5      | Bought a cursed ring of attention for 54 gold pieces
  5184 | D:5      | Reached skill level 1 in Evocations
  5275 | D:5      | Found Bofonoux's Food Emporium.
  5450 | Temple   | Entered the Ecumenical Temple
  5549 | D:6      | Found Gothre's Antique Armour Boutique.
  5647 | D:6      | Found Myxigaucho's Antique Armour Shop.
  5732 | D:6      | Reached skill level 5 in Fighting
  5732 | D:6      | Reached skill level 5 in Armour
  5798 | D:6      | Found a radiant altar of Vehumet.
  5802 | D:6      | Noticed Prince Ribbit
  5816 | D:6      | Reached skill level 9 in Long Blades
  5825 | D:6      | Killed Prince Ribbit
  6046 | D:6      | Found Ufratis's Book Shop.
  6177 | D:6      | Found Eduyga's Weapon Emporium.
  6352 | D:6      | Reached XP level 9. HP: 75/75 MP: 8/10
  6557 | D:6      | Found a shimmering blue altar of Sif Muna.
  6616 | D:7      | Found a snail-covered altar of Cheibriados.
  6630 | D:7      | Noticed a gargoyle
  6669 | D:7      | Killed a gargoyle
  6669 | D:7      | Reached skill level 10 in Long Blades
  7157 | D:7      | Reached skill level 1 in Shields
  7769 | D:6      | Bought a runed hat for 154 gold pieces
  7866 | D:8      | Noticed a two-headed ogre
  7875 | D:7      | Killed a two-headed ogre
  7875 | D:7      | Reached skill level 11 in Long Blades
  7875 | D:7      | Reached XP level 10. HP: 62/86 MP: 12/12
  8038 | D:8      | Found a shimmering altar of Xom.
  8040 | D:8      | Found a staircase to the Lair.
  8199 | D:8      | Reached *** piety under Dithmenos
  8343 | D:8      | Noticed Joseph
  8351 | D:8      | Reached skill level 5 in Invocations
  8358 | D:8      | Killed Joseph
  8466 | D:8      | Found a runed translucent door.
  8471 | D:8      | Noticed lasso's ghost (novice MiFi)
  8473 | D:8      | You fall into a shaft and drop 3 floors!
  8939 | D:10     | Entered Level 10 of the Dungeon
  8971 | D:10     | Reached skill level 1 in Stealth
  9038 | D:10     | Reached skill level 12 in Long Blades
  9217 | D:8      | Found a sacrificial altar of Ru.
  9582 | D:6      | Bought a +0 longbow for 63 gold pieces
  9713 | D:9      | Found Eckoseom's Food Emporium.
 10136 | D:9      | Found an opulent altar of Gozag.
 10223 | D:9      | Reached **** piety under Dithmenos
 10417 | D:9      | Identified a scroll of acquirement
 10417 | D:9      | Acquired the amulet "Yfol" {Faith rF+ rC+}
 10534 | D:10     | Reached XP level 11. HP: 64/94 MP: 14/14
 11060 | D:10     | Killed an unseen horror
 11299 | D:10     | Reached ***** piety under Dithmenos
 11433 | D:10     | Found Qebuung's Distillery.
 11437 | D:10     | Bought a potion of degeneration for 16 gold pieces
 11437 | D:10     | Bought a potion of might for 64 gold pieces
 11507 | D:10     | Noticed a two-headed ogre
 11518 | D:10     | Killed a two-headed ogre
 11518 | D:10     | Reached skill level 13 in Long Blades
 11802 | D:10     | Found a staircase to the Orcish Mines.
 11988 | D:6      | Bought a glowing chain mail for 165 gold pieces
 12171 | D:11     | Noticed a two-headed ogre
 12179 | D:11     | Killed a two-headed ogre
 12322 | D:11     | Noticed Sonja
 12340 | D:11     | Cast into level 2 of the Abyss (Sonja)
 12361 | Abyss:2  | Acquired a +0 double sword of holy wrath
 12392 | Abyss:2  | Noticed a shining eye
 12398 | Abyss:2  | Noticed a tentacled monstrosity
 12408 | Abyss:2  | Mangled by a tentacled monstrosity

Illustrated notes

Levels and vault maps discovered:
D:1:      minmay_arrival_cross, layout_loops_corners
D:2:      minmay_diamond_boxcup, layout_basic, old_standard_altar,
          nicolae_dithmenos_shadow_blocks, lemuel_coloured_pillars_altar,
          uniq_crazy_yiuf_cottage
D:3:      layout_rooms, portal_sewer_entry_d
D:4:      layout_basic, first_ration, uniq_pikel, uniq_eustachio
D:5:      layout_cave_pools, minmay_temple_entry_drinking_statues, serial_shops,
          shop, shop, shop, shop, shop_statue, minmay_fractal_squares_gapless_5
D:6:      layout_basic, old_standard_altar, basic_altar, serial_shops,
          kennysheep_mini, nicolae_shop_overgrown_old_shop,
          nicolae_shop_waterfront, shop, uniq_prince_ribbit1
D:7:      layout_gridville, slow_altar_1
D:8:      layout_gridville, overflow_temple_1_default,
          nicolae_ru_great_annihilating_truth, lair_entry_dummy,
          ebering_ghost_inner_flame, uniq_joseph
D:9:      layout_loops_ring, grunt_gozag_breadcrumbs, serial_shops,
          nicolae_shop_crystal
D:10:     layout_loops_cross, hiddenorc1_lemuel, serial_shops, shop
D:11:     layout_loops_corners, uniq_sonja
Temple:   nicolae_temple_great_sept
Abyss:2:  base:
D:6

Skill      XL: |  1  2  3  4  5  6  7  8  9 10 11 |
---------------+----------------------------------+-----
Fighting       | 3 4 5 7 8 9 |  9.0
Long Blades    | 4 5 7 8 9 11 12 13 | 13.2
Armour         | 2 3 4 5 7 8 9 |  9.2
Dodging        | 4 5 6 7 |  7.7
Unarmed Combat | 1 |  1.6
Invocations    | 2 4 5 6 |  6.0
Evocations     | 1 |  1.7
Shields        | 1 2 3 |  3.4
Stealth        | 1 |  1.1
Throwing       | |  2.8

Action                   |  1- 3 |  4- 6 |  7- 9 | 10-12 || total
-------------------------+-------+-------+-------+-------++-------
Melee: Long sword        |    48 |   213 |       |       ||   261
       Headbutt          |     8 |    45 |    38 |    74 ||   165
       Unarmed           |       |    12 |       |       ||    12
       Scimitar          |       |       |   213 |   425 ||   638
       Double sword      |       |       |       |     6 ||     6
Throw: Boomerang         |       |     3 |     2 |     1 ||     6
Invok: Shadow Step       |       |       |       |     2 ||     2
Evoke: Wand              |       |     4 |       |       ||     4
  Use: Scroll            |       |       |    11 |     6 ||    17
       Potion            |       |       |     1 |     4 ||     5
  Eat: Chunk             |     3 |     8 |    11 |    16 ||    38
Armor: Leather armour    |    11 |    19 |       |       ||    30
       Scale mail        |       |    21 |    91 |   167 ||   279
       Skin              |       |     6 |       |       ||     6
       Chain mail        |       |       |       |    20 ||    20
Dodge: Dodged            |    40 |    91 |   150 |   242 ||   523
Block: Buckler           |       |       |    17 |    96 ||   113
       Rpst.: Long sword |    12 |    25 |       |       ||    37
       Scimitar          |       |       |    40 |    59 ||    99
